 Dungeon Crawl Stone Soup version 0.27-a0-1149-g4505690ab0 (webtiles) character file.

Game seed: 15715617463798984131

33 Lekart the Skirmisher (level 3, -1/33 HPs)
             Began as a Draconian Chaos Knight on May 13, 2021.
             Was a Plaything of Xom.
             Slain by a kobold
             ... wielding a +0 club
              (5 damage)
             ... on level 1 of the Dungeon.
             The game lasted 00:01:43 (1134 turns).

Lekart the Skirmisher (Draconian Chaos Knight)      Turns: 1134, Time: 00:01:43

Health: -1/33      AC:  5    Str: 14    XL:     3   Next: 12%
Magic:  3/3        EV: 12    Int: 12    God:    Xom [*.....]
Gold:   66         SH:  0    Dex: 11    Spells: 2/2 levels left

rFire    . . .     SeeInvis .   a - +0 falchion (chaos)
rCold    . . .     Faith    .   (no shield)
rNeg     . . .     Spirit   .   (armour unavailable)
rPois    .         Reflect  .   (helmet restricted)
rElec    .         Harm     .   (no cloak)
rCorr    .         Rampage  .   (no gloves)
Will     .....                  (no boots)
Stlth    +.........             (no amulet)
HPRegen  0.11/turn              (no ring)
MPRegen  0.08/turn              (no ring)

@: no status effects
A: AC +5, unfitting armour, cold-blooded
a: Renounce Religion


You were on level 1 of the Dungeon.
You worshipped Xom.
You were a special plaything of Xom.
You visited 1 branch of the dungeon, and saw 2 of its levels.

You collected 66 gold pieces.

Inventory:

Hand Weapons
 a - a +0 falchion of chaos (weapon)
Missiles
 d - 2 throwing nets (quivered)
Jewellery
 b - a ring of magical power


   Skills:
 * Level 4.1 Fighting
 + Level 3.4 Long Blades
 + Level 2.3 Dodging


You had 2 spell levels left.
You didn't know any spells.
Your spell library contained the following spells:

 Spells                   Type           Power      Damage    Failure   Level
 Animate Skeleton         Necr           0%         N/A       32%         1
 Pain                     Necr           0%         1d4       32%         1
 Vampiric Draining        Necr           0%         2d6       69%         3
 Animate Dead             Necr           0%         N/A       97%         4
 Agony                    Necr           0%         N/A       100%        5


Dungeon Overview and Level Annotations

Branches:
Dungeon (2/15)

Altars:


Innate Abilities, Weirdness & Mutations

Your plain brown scales are hard. (AC +5)
You cannot fit into any form of body armour.
You are cold-blooded and may be slowed by cold attacks.


Message History

The hobgoblin barely misses you.
A hobgoblin is nearby!
You hit the hobgoblin.
You kill the hobgoblin!
A kobold comes into view. It is wielding a +0 club.
The kobold shouts!
A kobold is nearby!
A kobold is nearby!
You hit the kobold but do no damage.
The kobold goes berserk!
The kobold barely misses you.
You riposte.
You barely miss the kobold. The kobold completely misses you.
You riposte.
You barely miss the kobold.
A kobold is nearby!
You hit the kobold but do no damage.
The kobold resists with some effort.
Your tail-slap misses the kobold.
The kobold hits you with a +0 club.
You barely miss the kobold. The kobold hits you but does no damage.
The kobold hits you with a +0 club.
A kobold is nearby!
You hit the kobold but do no damage. The kobold barely misses you.
The kobold misses you.
You riposte.
You closely miss the kobold.
Your tail-slap misses the kobold.
A kobold is nearby!
You barely miss the kobold. The kobold completely misses you.
The kobold misses you.
You riposte.
You closely miss the kobold.
A kobold is nearby!
You barely miss the kobold. The kobold misses you.
You barely miss the kobold. The kobold hits you with a +0 club. x2
The kobold hits you with a +0 club. The kobold hits you with a +0 club.
The kobold hits you with a +0 club.
* * * LOW HITPOINT WARNING * * *
The kobold hits you with a +0 club.
* * * LOW HITPOINT WARNING * * *
You aren't carrying any potions.
You aren't carrying any scrolls.
You hit the kobold but do no damage.
The kobold appears confused.
The kobold hits you with a +0 club.
* * * LOW HITPOINT WARNING * * *
You completely miss the kobold.
Your tail-slap misses the kobold.
The kobold hits you with a +0 club.
You die...

#......# #.####.# #># #.#
#.# #.. ########.# #..
#........# #..
######......### #..
#####...........#######.
#.....K@................
#.###.####.......รท......
#.# #.# #......######..
#.# #.# #.###### #.. #.#
#.# #.# #.> #.# #.# #.#
#.. #.# #.####.# ### #.#
#......# #.# ######.#


You could see a kobold (berserk, confused).

Vanquished Creatures
  7 ball pythons (D:1)
  2 endoplasms (D:1)
  A giant cockroach (D:1)
  4 goblins (D:1)
  5 hobgoblins (D:1)
  3 kobolds (D:1)
  2 quokkas (D:1)
  2 bats (D:1)
  2 rats (D:1)
28 creatures vanquished.

Notes
Turn   | Place    | Note
-------+----------+-------------------------------------------
     0 | D:1      | Lekart the Draconian Chaos Knight began the quest for the
                  | Orb.
     0 | D:1      | Reached XP level 1. HP: 19/19 MP: 1/1
   132 | D:1      | Reached XP level 2. HP: 14/27 MP: 2/2
   264 | D:1      | XOM: divination: magic mapping
   303 | D:1      | XOM: divination: detect items
   421 | D:1      | Reached skill level 4 in Fighting
   511 | D:1      | XOM: silly message
   590 | D:1      | XOM: silly message
   651 | D:1      | XOM: summons 2 hostile demons
   652 | D:1      | Noticed a crimson imp
   868 | D:2      | XOM: cloud trail
   973 | D:1      | XOM: scenery: summon butterflies
  1029 | D:1      | Reached XP level 3. HP: 32/33 MP: 3/3
  1063 | D:1      | XOM: enchant monster (good)
  1134 | D:1      | Slain by a kobold

Illustrated notes

Levels and vault maps discovered:
D:1:      nicolae_arrival_memento_mori, layout_loops_ring
D:2:      kennysheep_the_goblin_king, layout_loops_ring, st_stairs_1,
          uniq_natasha

Skill      XL: |  1  2 |
---------------+-------+-----
Fighting       | 4 |  4.1
Long Blades    | |  3.4
Dodging        | |  2.3

Action                   || total
-------------------------++-------
Melee: Falchion          ||    93
       Tailslap          ||     7
  Use: Scroll            ||     1
Armor: Skin              ||    34
Dodge: Dodged            ||    61
       Rpst.: Falchion   ||    19

Table legend: (Time is in decaauts)
 A = Elapsed time spent in this place.
 B = Non-inter-level travel time spent in this place.
 C = Inter-level travel time spent in this place.
 D = Time resting spent in this place.
 E = Time spent auto-exploring this place.
 F = Levels seen in this place.
 G = Mean time per level.
                   A        B        C        D        E       F      G
               +--------+--------+--------+--------+--------+-----+--------+
         Total |   1146 |   1146 |      0 |    382 |    538 |   2 |  573.0 |
       Dungeon |   1146 |   1146 |      0 |    382 |    538 |   2 |  573.0 |
               +--------+--------+--------+--------+--------+-----+--------+

Top non-repeatable levels by time:
     D:1: 962 daAuts
     D:2: 183 daAuts
